 Dungeon Crawl Stone Soup version 0.27-a0-828-g8289197e94 (webtiles) character file.

Game seed: 9485913823944080600

51 dickylongcocking the Magician (level 3, 0/39 HPs)
             Began as a Djinni Summoner on Mar 31, 2021.
             Slain by a gnoll
             ... wielding a +0 flail
              (4 damage)
             ... on level 2 of the Dungeon.
             The game lasted 00:02:16 (2489 turns).

dickylongcocking the Magician (Djinni Summoner)     Turns: 2489, Time: 00:02:16

Health: 0/39       AC: 21    Str:  7    XL:     3   Next: 83%
Gold:   103        EV:  2    Int: 17    God:
                   SH:  0    Dex: 13

rFire    . . .     SeeInvis .   (no weapon)
rCold    . . .     Faith    .   (no shield)
rNeg     + + +     Spirit   .   (armour currently unavailable)
rPois    ∞         Reflect  .   (helmet currently unavailable)
rElec    .         Harm     .   (cloak currently unavailable)
rCorr    +         Rampage  .   (gloves currently unavailable)
Will     .....     NoTele   +   (boots unavailable)
Stlth    ++........             (no amulet)
HPRegen  0.13/turn              g - ring of resist corrosion
MPRegen  0.00/turn              (no ring)

@: tree-form
A: stationary, stasis, torment immunity, boosted hp, (fire resistance 2), (cold
vulnerability 1), float, innate caster, hp casting, extra vitality 1
a: no special abilities


You were on level 2 of the Dungeon.
You were a tree.
You visited 1 branch of the dungeon, and saw 2 of its levels.

You collected 103 gold pieces.

Inventory:

Hand Weapons
 h - a +0 falchion
Armour
 a - a +0 robe
 b - a +0 leather armour (melded)
 f - a scarf of repulsion (melded)
Jewellery
 g - a ring of resist corrosion (left branch)
Scrolls
 e - a scroll of teleportation {unknown}
 i - a scroll of blinking {unknown}
 k - a scroll of immolation {unknown}


   Skills:
 * Level 0.7 Fighting
 * Level 0.8 Long Blades
 - Level 0.8 Armour
 - Level 2.1 Dodging
 - Level 1.5 Stealth
 * Level 4.3 Spellcasting


You couldn't memorise any spells.
You knew the following spells:

 Your Spells              Type           Power      Damage    Failure   Level
a - Summon Small Mammal   Summ           72%        N/A       2%          1
b - Call Imp              Summ           18%        N/A       3%          2
c - Call Canine Familiar  Summ           18%        N/A       8%          3
d - Summon Guardian Gole  Hex/Summ       18%        N/A       8%          3
e - Summon Lightning Spi  Summ/Air       18%        N/A       26%         4
f - Summon Ice Beast      Ice/Summ       18%        N/A       26%         4
g - Apportation           Tloc           36%        N/A       2%          1
Your spell library was empty.

Dungeon Overview and Level Annotations

Branches:
Dungeon (2/15)

Altars:


Innate Abilities, Weirdness & Mutations

You are a tree.
Your roots penetrate the ground, keeping you stationary.
You cannot be teleported.
You are immune to unholy pain and torment.
Your maximum health is greatly increased.
Your equipment is partially melded.
You are immune to poison.
((Your flesh is very heat resistant. (rF++)))
((You are vulnerable to cold. (rC-)))
You float through the air rather than walking.
You learn spells naturally, not from books.
Your magical power is your life essence.
You have superior vitality. (+4 HP)


Message History

Unknown command.
You aren't carrying any items that you can evoke.
Unknown command.
You aren't carrying any potions.
Unknown command.
Okay, then.
Casting: Call Imp (safe; 4% risk of failure)
Confirm with . or Enter, or press ? or * to list all spells.
Okay, then.
Casting: Call Imp (safe; 4% risk of failure)
Confirm with . or Enter, or press ? or * to list all spells.
Unknown command.
Unknown command.
You completely miss the gnoll.
The gnoll is severely wounded.
The bat hits you but does no damage.
Your hound bites the gnoll.
The gnoll hits you but does no damage. Space warps horribly around you!
Unknown command.
Unknown command.
You hit the gnoll.
You kill the gnoll!
The bat hits you but does no damage. The gnoll hits you with a +0 flail.
Unknown command.
Unknown command.
You hit the gnoll.
The gnoll is lightly wounded.
The bat hits your hound but does no damage.
The bat closely misses your hound. The jackal bites you.
* * * LOW HITPOINT WARNING * * *
The gnoll hits you with a +0 flail.
* * * LOW HITPOINT WARNING * * *
Unknown command.
You smack the gnoll!
The gnoll is severely wounded.
The bat hits you.
* * * LOW HITPOINT WARNING * * *
Your hound barely misses the bat.
The bat hits you but does no damage.
The jackal bites you but does no damage.
The gnoll hits you with a +0 flail.
You die...

#.##.## .# ##.##.#
.# ####..##5# .#
..##.###.###.#
#.##.# #..§..#
#######.##.#
###g.##
........##.# #§.#
#....hb.g#.#####).#
#.....K♣h....).)..#
#....r...#.#####..#
............. ...#
##.#######.### #..#
# #.# #..# #.. #..#
##.# #..# .# ..#


You could see a gnoll, a quokka, a jackal, a bat (ally target), a kobold and a
friendly hound (summoned).

Vanquished Creatures
  A gnoll (D:2)
  A dart slug (D:1)
  2 ball pythons
  An endoplasm (D:1)
  A giant cockroach (D:1)
  2 goblins (D:2)
  A hobgoblin (D:1)
  A jackal (D:1)
  4 rats
14 creatures vanquished.

Vanquished Creatures (collateral kills)
  3 gnolls
  A ball python (D:1)
  2 endoplasms (D:1)
  A giant cockroach (D:1)
  A goblin (D:1)
  2 hobgoblins (D:1)
  2 jackals
  2 bats (D:1)
  3 frilled lizards (D:1)
  5 rats (D:1)
22 creatures vanquished.

Grand Total: 36 creatures vanquished

Notes
Turn   | Place    | Note
-------+----------+-------------------------------------------
     0 | D:1      | dickylongcocking the Djinni Summoner began the quest for
                  | the Orb.
     0 | D:1      | Reached XP level 1. HP: 15/15 MP: 0/0
   852 | D:1      | Reached XP level 2. HP: 17/21 MP: 0/0
  1026 | D:1      | HP: 1/21 [endoplasm/Freeze (3)]
  1668 | D:1      | Reached skill level 4 in Spellcasting
  1762 | D:1      | Reached XP level 3. HP: 8/26 MP: 0/0
  1762 | D:1      | Learned a level 1 spell: Apportation
  2412 | D:2      | HP: 1/26 [gnoll/+0 spear (8)]
  2489 | D:2      | Slain by a gnoll

Illustrated notes

Levels and vault maps discovered:
D:1:      wander_arrival_peaceful_grave, layout_basic, grunt_decor_fettered,
          st_stairs_11, nrook_loot_triangle, minmay_crystal_water
D:2:      layout_loops_ring, uniq_robin, uniq_sigmund, uniq_natasha

Skill      XL: |  1  2 |
---------------+-------+-----
Spellcasting   | 4 |  4.3
Fighting       | |  0.7
Long Blades    | |  0.8
Armour         | |  0.8
Dodging        | |  2.1
Stealth        | |  1.5

Action                   || total
-------------------------++-------
Melee: Unarmed           ||    32
       Falchion          ||    44
 Cast: Summon Small Mamm ||    23
       Call Imp          ||    16
       Call Canine Famil ||     1
  Use: Potion            ||     4
 Stab: Sleeping          ||     1
Armor: Leather armour    ||    41
       Robe              ||     2
       Skin              ||     5
Dodge: Dodged            ||    73
       Rpst.: Falchion   ||     7

Table legend: (Time is in decaauts)
 A = Elapsed time spent in this place.
 B = Non-inter-level travel time spent in this place.
 C = Inter-level travel time spent in this place.
 D = Time resting spent in this place.
 E = Time spent auto-exploring this place.
 F = Levels seen in this place.
 G = Mean time per level.
                   A        B        C        D        E       F      G
               +--------+--------+--------+--------+--------+-----+--------+
         Total |   2480 |   2418 |     62 |    859 |   1155 |   2 | 1240.0 |
       Dungeon |   2480 |   2418 |     62 |    859 |   1155 |   2 | 1240.0 |
               +--------+--------+--------+--------+--------+-----+--------+

Top non-repeatable levels by time:
     D:1: 2289 daAuts
     D:2: 190 daAuts
